 Dungeon Crawl Stone Soup version 0.26-a0-639-g72c4674329 (webtiles) character file.

Game seed: 12555810119051690427

128 Borgoz the Ruffian (level 5, -2/45 HPs)
             Began as a Ghoul Gladiator on Sept 19, 2020.
             Killed by divine providence
             ... invoked by an orc priest
              (11 damage)
             ... on level 3 of the Dungeon.
             The game lasted 00:03:11 (2290 turns).

Borgoz the Ruffian (Ghoul Gladiator)                Turns: 2290, Time: 00:03:12

Health: -2/45      AC:  6    Str: 18    XL:     5   Next: 12%
Magic:  4/4        EV: 12    Int:  3    God:
Gold:   58         SH:  0    Dex: 11    Spells: 4/4 levels left

rFire    . . .     SeeInvis .     - Unarmed
rCold    + . .     Faith    .   (no shield)
rNeg     + + +     Spirit   .   g - +0 ring mail
rPois    ∞         Reflect  .   b - +0 helmet
rElec    .         Harm     .   (no cloak)
rCorr    .         Rampage  .   (no gloves)
MR       .....                  (no boots)
Stlth    +.........             (no amulet)
HPRegen  0.00/turn              (no ring)
MPRegen  0.09/turn              (no ring)

@: no status effects
A: rotting body, claws 1, cold resistance 1, negative energy resistance 3,
inhibited regeneration, torment resistance, unbreathing
a: no special abilities


You were on level 3 of the Dungeon.
You visited 1 branch of the dungeon, and saw 3 of its levels.

You collected 58 gold pieces.

Inventory:

Missiles
 c - 2 throwing nets (quivered)
Armour
 b - a +0 helmet (worn)
 g - a +0 ring mail (worn)
Jewellery
 f - an uncursed ring of fire
Wands
 k - a wand of disintegration (5)
Scrolls
 a - 2 scrolls of remove curse
 d - 2 scrolls of enchant armour
 e - a scroll of enchant weapon {unknown}
 i - 2 scrolls of teleportation {unknown}
 j - a scroll of blinking {unknown}
 n - 2 scrolls of amnesia {unknown}
 o - a scroll of random uselessness {unknown}
Potions
 h - a potion of brilliance
 m - a potion of berserk rage {unknown}
 p - a potion of cancellation {unknown}


   Skills:
 + Level 3.4 Fighting
 - Level 1.7 Throwing
 + Level 1.9 Armour
 + Level 3.4 Dodging
 + Level 4.1 Unarmed Combat


You had 4 spell levels left.
You didn't know any spells.
Your spell library was empty.

Dungeon Overview and Level Annotations

Branches:
Dungeon (3/15)

Altars:
Gozag
Kikubaaqudgha
Makhleb
Nemelex Xobeh
Wu Jian
The Shining One


Innate Abilities, Weirdness & Mutations

Your body is rotting away.
You thrive by killing the living.
You are immune to poison.
You have sharp fingernails.
Your flesh is cold resistant. (rC+)
You are immune to negative energy. (rN+++)
You do not regenerate when monsters are visible.
You are immune to unholy pain and torment.
You can survive without breathing.


Message History

You bump into the rock wall.
The bat hits you but does no damage. The orc priest barely misses you.
You bump into the rock wall.
The bat barely misses you.
The orc priest hits you but does no damage.
The orc wizard gestures wildly while chanting.
The orc wizard blinks!
You bump into the rock wall.
The orc wizard casts a spell.
The orc wizard blinks!
The bat hits you but does no damage.
The orc priest hits you with a +0 dagger.
* * * LOW HITPOINT WARNING * * *
You bump into the rock wall.
You feel less confused. The bat hits you but does no damage.
The orc priest barely misses you.
You claw the orc priest!
The orc priest is heavily wounded.
The bat hits you but does no damage.
The orc priest calls down the wrath of Beogh upon you.
Beogh smites you!
You die...

.##..............#_#...#...
................##.###.##..
.##............##...##.##..
.##............#..#..#.##..
...............#.###.#.##..
.######†########.###.#.....
.####....# ##..._#.##..##
#........b# #_....#.('..#
#.#######@####..†_#.#####
##o##.##.###.#
#.o{..##.###.#
##..#>.#..#..#
#.o#..##...##
.......)o.##.##
#.....#.o..#_#
#.....#.o..###
##....#......


You could see an orc priest, an orc wizard, an orc and a bat.

Vanquished Creatures
  3 gnolls
  An adder (D:2)
  An ooze (D:3)
  2 worms
  5 dart slugs
  A leopard gecko (D:3)
  2 orcs (D:3)
  A ball python (D:3)
  6 giant cockroaches
  5 goblins (D:1)
  6 hobgoblins
  10 jackals
  A quokka (D:2)
  2 bats (D:1)
  2 frilled lizards
  8 kobolds
  6 rats
62 creatures vanquished.

Vanquished Creatures (others)
  5 plants (D:2)
5 creatures vanquished.

Grand Total: 67 creatures vanquished

Notes
Turn   | Place    | Note
-------+----------+-------------------------------------------
     0 | D:1      | Borgoz the Ghoul Gladiator began the quest for the Orb.
     0 | D:1      | Reached XP level 1. HP: 17/17 MP: 0/0
    32 | D:1      | Reached XP level 2. HP: 25/25 MP: 1/1
   408 | D:2      | Reached skill level 1 in Armour
   408 | D:2      | Reached XP level 3. HP: 25/30 MP: 2/2
  1044 | D:2      | Reached XP level 4. HP: 38/38 MP: 3/3
  1550 | D:2      | Reached skill level 4 in Unarmed Combat
  2003 | D:3      | Found an ancient bone altar of Kikubaaqudgha.
  2134 | D:3      | Found an opulent altar of Gozag.
  2134 | D:3      | Found a sparkling altar of Nemelex Xobeh.
  2139 | D:3      | Found a glowing golden altar of the Shining One.
  2141 | D:3      | Found a burning altar of Makhleb.
  2143 | D:3      | Found an ornate altar of the Wu Jian Council.
  2195 | D:3      | Reached XP level 5. HP: 45/45 MP: 4/4
  2290 | D:3      | Killed from afar by an orc priest

Illustrated notes

Levels and vault maps discovered:
D:1:      lightli_arrival_lavapool, layout_rooms
D:2:      layout_basic, serial_forest, infiniplex_forest_lined_2,
          infiniplex_forest_lined_3, infiniplex_forest_clump_long,
          infiniplex_forest_zigzag_1, infiniplex_forest_straight_1
D:3:      layout_basic, chequers_temple_overflow_minitemple, lemuel_doored_altar

Skill      XL: |  1  2  3  4 |
---------------+-------------+-----
Armour         | 1 |  1.9
Dodging        | 3 |  3.4
Fighting       | 3 |  3.4
Unarmed Combat | 4 |  4.1
Throwing       | |  1.7

Action                   |  1- 3 |  4- 6 || total
-------------------------+-------+-------++-------
Melee: Unarmed           |   133 |    96 ||   229
       Punch             |       |     1 ||     1
Throw: Throwing net      |     1 |     4 ||     5
  Use: Scroll            |     2 |     2 ||     4
       Potion            |       |     1 ||     1
Armor: Leather armour    |    34 |       ||    34
       Ring mail         |    21 |    48 ||    69
Dodge: Dodged            |   138 |    63 ||   201

Table legend: (Time is in decaauts)
 A = Elapsed time spent in this place.
 B = Non-inter-level travel time spent in this place.
 C = Inter-level travel time spent in this place.
 D = Time resting spent in this place.
 E = Time spent auto-exploring this place.
 F = Levels seen in this place.
 G = Mean time per level.
                   A        B        C        D        E       F      G
               +--------+--------+--------+--------+--------+-----+--------+
         Total |   2276 |   2191 |     85 |    772 |    945 |   3 |  758.7 |
       Dungeon |   2276 |   2191 |     85 |    772 |    945 |   3 |  758.7 |
               +--------+--------+--------+--------+--------+-----+--------+

Top non-repeatable levels by time:
     D:2: 1069 daAuts
     D:1: 892 daAuts
     D:3: 314 daAuts
